 Dungeon Crawl Stone Soup version 0.22-a0-845-g8bfc27d406 (webtiles) character file.

15162 Htamos the Fighter (level 12, -3/140 HPs)
             Began as an Ogre Fighter on July 26, 2018.
             Was a High Priest of Okawaru.
             Killed by divine providence
             ... invoked by an orc high priest
              (13 damage)
             ... in a bailey.
             The game lasted 00:44:47 (17980 turns).

Htamos the Fighter (Ogre Fighter)                  Turns: 17980, Time: 00:44:47

Health: -3/140     AC:  9    Str: 23    XL:     12   Next: 24%
Magic:  12/12      EV: 14    Int:  9    God:    Okawaru [*****.]
Gold:   364        SH:  5    Dex: 12    Spells: 11/11 levels left

rFire    + . .     SeeInvis .   v - +3 giant spiked club
rCold    + . .     Gourm    .   (shield currently unavailable)
rNeg     . . .     Faith    .   b - +0 robe
rPois    +         Spirit   .   (helmet restricted)
rElec    +         Reflect  +   A - +2 cloak
rCorr    +         Harm     .   (gloves unavailable)
MR       +....                  (boots unavailable)
Stlth    +.........             z - +5 amulet of reflection
HPRegen  0.33/turn              M - +3 ring of protection
MPRegen  0.13/turn              r - ring of poison resistance

@: resistant, flying (expiring), drained
A: large, unfitting armour, tough skin 1
a: Heroism, Finesse, Renounce Religion


You were in a bailey.
You worshipped Okawaru.
Okawaru was extremely pleased with you.
You were not hungry.

You visited 2 branches of the dungeon, and saw 13 of its levels.
You also visited: Bailey.

You collected 546 gold pieces.
You spent 182 gold pieces at shops.

Inventory:

Hand Weapons
 a - a +1 flail
 d - a +2 mace
 g - a +0 morningstar
 l - a +2 whip of freezing
 t - a +0 dagger of speed
 u - a +1 dagger of venom
 v - a +3 giant spiked club (weapon)
 w - a +3 mace
 D - a +3 dire flail
 G - a +2 flail of crushing
 O - a +2 dagger of chaos
Missiles
 F - 8 javelins
 K - a throwing net (quivered)
 Q - 6 needles of sleeping
Armour
 b - a +0 robe (worn)
 c - a +1 shield
 m - a +2 large shield
 A - a +2 cloak (worn)
Magical Staves
 n - an uncursed staff of death
 s - an uncursed staff of power
 L - an uncursed staff of summoning
Jewellery
 p - an uncursed ring of magical power
 q - an uncursed ring of stealth
 r - a ring of poison resistance (right hand)
 z - a +5 amulet of reflection (around neck)
 M - a +3 ring of protection (left hand)
Wands
 y - a wand of random effects (30)
 R - a wand of flame (37)
Scrolls
 i - 5 scrolls of identify
 j - 4 scrolls of remove curse
 o - 2 scrolls of magic mapping
 x - a scroll of teleportation
 C - 2 scrolls of enchant armour
 J - a scroll of acquirement {unknown}
 P - 2 scrolls of fog
Potions
 e - a potion of cancellation
 k - 4 potions of brilliance
 E - 2 potions of haste
 I - a potion of magic
Comestibles
 f - 19 rations
 B - a chunk of flesh


   Skills:
 + Level 14.9(14.6) Fighting
 * Level 11.0(10.7) Maces & Flails
 * Level 8.3(8.0) Dodging
 - Level 6.1(5.8) Shields


You had 11 spell levels left.
You didn't know any spells.
Your spell library contained the following spells:

 Spells                   Type           Power        Failure   Level  Hunger
 Apportation              Tloc           #.....       38%         1    ##.....
 Mephitic Cloud           Conj/Pois/Air  #.......     77%         3    ####...
 Venom Bolt               Conj/Pois      #.........   100%        5    ######.
 Olgreb's Toxic Radiance  Pois           #.......     99%         4    #####..
 Summon Small Mammal      Summ           #...         38%         1    ##.....
 Animate Skeleton         Necr           N/A          38%         1    ##.....
 Sting                    Conj/Pois      #...         38%         1    ##.....
 Confusing Touch          Hex            #.....       38%         1    ##.....
 Poisonous Vapours        Pois/Air       #.....       52%         2    ###....


Dungeon Overview and Level Annotations

Branches:
Dungeon (12/15)            Temple (1/1) D:5            Lair (0/6) D:10
    Orc (0/2) D:10

Altars:
Ashenzari
Cheibriados
Dithmenos
Elyvilon
Fedhas
Gozag
Hepliaklqana
Kikubaaqudgha
Makhleb
Nemelex Xobeh
Okawaru
Qazlal
Ru
Sif Muna
Uskayaw
Vehumet
Wu Jian
Xom
Yredelemnul
Zin
The Shining One
Beogh

Shops:
D:4 !   D:5 *   D:8 =

Annotations:
D:9 2 transporters


Innate Abilities, Weirdness & Mutations

You are too large for most types of armour.
You have tough skin. (AC +1)


Message History

You miss the electric eel.
The electric eel is heavily wounded.
The ynoxinul disappears in a puff of smoke!
The electric eel shoots out a bolt of lightning at you!
The bolt of electricity hits you! You resist.
You closely miss the electric eel.
The electric eel is heavily wounded.
The electric eel shoots out a bolt of lightning at you!
The bolt of electricity hits you! You resist.
* * * LOW HITPOINT WARNING * * *
You stick the electric eel like a pincushion!!!
You kill the electric eel!
Okawaru accepts your kill.
You hear a splash.
Careful!
You are starting to lose your buoyancy.
The orc high priest utters an invocation to Beogh.
Unknown command.
The orc high priest calls down the wrath of Beogh upon you.
Beogh smites you!
You die...

_..##..⌠.)'..........∩..∩#
...##....)'..............#
...##.....#.g3≈≈≈......###
...#####++#.o≈≈≈≈......#
#o3≈≈≈≈.###### #og≈≈≈≈≈#
###≈≈≈≈≈# #≈≈≈≈≈# #≈≈≈@≈#
#≈≈≈≈≈# #≈≈≈≈≈# #≈≈≈≈≈#
≈≈≈≈≈≈≈≈≈≈≈≈#
≈≈≈≈≈≈≈≈≈≈≈≈#
≈≈≈≈≈≈≈≈≈≈≈≈#
≈≈≈≈≈≈≈≈≈≈≈≈#
≈≈≈≈≈≈≈≈≈≈≈≈#


You could see an orc high priest, a sixfirhy, a neqoxec, an orc warrior, a
gnoll, an orc and a goblin.

Vanquished Creatures
  A hydra (D:11)
  A two-headed ogre (D:11)
  Pikel (D:4)
  Psyche (D:8)
  A kobold demonologist (Bailey)
  A queen bee (D:10)
  A troll (D:11)
  2 hippogriffs (D:10)
  A vampire (D:10)
  20 yaks (D:10)
  A human (D:8)
  2 wyverns (D:10)
  4 hogs (D:8)
  A basilisk (D:10)
  2 hungry ghosts
  A steam dragon (D:10)
  3 wargs (D:10)
  4 orc warriors
  4 ice beasts
  2 sky beasts (D:4)
  A slave (D:3)
  A necrophage (D:6)
  4 ogres
  5 centaurs
  3 crocodiles (D:10)
  A big kobold (D:10)
  4 bullfrogs
  A water moccasin zombie (D:5)
  A water moccasin skeleton (D:7)
  3 scorpions
  28 killer bees
  An electric eel (Bailey)
  22 wights
  4 howler monkeys
  3 bullfrog zombies
  A quasit (D:3)
  4 crimson imps
  3 jellies
  11 orc priests
  2 centaur zombies
  A gnoll shaman (D:5)
  2 bullfrog skeletons
  A centaur skeleton (D:8)
  3 hounds
  14 orc wizards
  Ijyb (D:4)
  4 iguanas
  9 worker ants
  A hound skeleton (D:6)
  2 worker ant zombies (D:5)
  A howler monkey skeleton (D:10)
  9 adders
  8 gnolls
  2 shadow imps
  An ooze (D:5)
  An adder zombie (D:5)
  3 worms
  13 dart slugs
  4 leopard geckos
  46 orcs
  A ball python (D:5)
  11 giant cockroaches
  11 goblins
  8 hobgoblins
  13 jackals
  3 quokkas
  5 bats
  5 frilled lizards
  2 jackal zombies
  9 kobolds
  A leopard gecko zombie (D:5)
  A quokka skeleton (D:9)
  9 rats
362 creatures vanquished.

Vanquished Creatures (others)
  A jackal (D:5)
1 creature vanquished.

Grand Total: 363 creatures vanquished

Notes
Turn   | Place    | Note
-------+----------+-------------------------------------------
     0 | D:1      | Htamos the Ogre Fighter began the quest for the Orb.
     0 | D:1      | Reached XP level 1. HP: 24/24 MP: 1/1
   352 | D:1      | Reached XP level 2. HP: 32/32 MP: 2/2
   802 | D:1      | Reached XP level 3. HP: 39/40 MP: 3/3
  1323 | D:2      | Found a hide-covered altar of Uskayaw.
  1334 | D:2      | Noticed a dagger
  1334 | D:2      | Noticed a dagger
  1385 | D:1      | Reached skill level 5 in Fighting
  1385 | D:1      | Reached XP level 4. HP: 15/50 MP: 4/4
  2001 | D:2      | Reached XP level 5. HP: 57/57 MP: 5/5
  3294 | D:3      | Lost dexterity.
  3458 | D:4      | Noticed Ijyb
  3491 | D:4      | Noticed an ogre
  3667 | D:4      | Reached XP level 6. HP: 67/67 MP: 6/6
  3694 | D:4      | Reached skill level 6 in Fighting
  4147 | D:4      | Noticed a slave
  4148 | D:4      | Noticed a slave
  4148 | D:4      | Noticed a slave
  4148 | D:4      | Noticed Pikel
  4149 | D:4      | Noticed a slave
  4192 | D:3      | Killed a slave
  4349 | D:4      | Killed Ijyb
  4685 | D:4      | HP: 3/68 [poisoned by an adder]
  4691 | D:4      | HP: 2/68 [poisoned by an adder]
  4699 | D:4      | HP: 2/68 [poisoned by an adder]
  5263 | D:4      | Reached XP level 7. HP: 61/76 MP: 7/7
  5527 | D:4      | Killed Pikel
  5527 | D:4      | Reached skill level 7 in Fighting
  5527 | D:4      | Reached skill level 5 in Maces & Flails
  5527 | D:4      | Reached XP level 8. HP: 81/88 MP: 8/8
  5873 | D:4      | Reached skill level 8 in Fighting
  6059 | D:4      | Found Ydytotre's Distillery.
  6068 | D:4      | Bought a potion of heal wounds for 65 gold pieces
  6068 | D:4      | Bought a potion of curing for 39 gold pieces
  6068 | D:4      | Bought a potion of curing for 39 gold pieces
  6068 | D:4      | Bought a potion of curing for 39 gold pieces
  6133 | D:5      | Entered Level 5 of the Dungeon
  6962 | D:5      | Reached skill level 9 in Fighting
  7371 | D:5      | Reached XP level 9. HP: 98/98 MP: 9/9
  7399 | D:5      | Found Xuzekkea's Assorted Antiques.
  7561 | D:5      | Reached skill level 5 in Dodging
  7564 | D:5      | Reached skill level 5 in Shields
  7565 | D:5      | Found a shimmering altar of Xom.
  8177 | D:5      | Found a staircase to the Ecumenical Temple.
  8500 | Temple   | Entered the Ecumenical Temple
  8642 | Temple   | Became a worshipper of Warmaster Okawaru
  8863 | D:6      | Noticed Grinder
  9213 | D:6      | Paralysed by Grinder for 4 turns
  9411 | D:6      | Reached skill level 10 in Fighting
  9700 | D:6      | Reached * piety under Okawaru
 10318 | D:6      | Found a sparkling altar of Nemelex Xobeh.
 11206 | D:7      | Reached skill level 11 in Fighting
 11206 | D:7      | Reached XP level 10. HP: 87/113 MP: 10/10
 11471 | D:7      | Found a shimmering altar of Xom.
 11705 | D:8      | Found a blossoming altar of Fedhas.
 12161 | D:8      | Noticed Psyche
 12168 | D:8      | Killed Psyche
 12168 | D:8      | Reached ** piety under Okawaru
 12251 | D:8      | Found Ereiwag's Jewellery Boutique.
 12335 | D:8      | Found a roughly hewn altar of Beogh.
 12525 | D:8      | Reached skill level 12 in Fighting
 12801 | D:9      | Found a transporter.
 12802 | D:9      | Found a transporter.
 12804 | D:9      | Noticed an orc knight
 12809 | D:9      | Found a sacrificial altar of Ru.
 13131 | D:10     | Entered Level 10 of the Dungeon
 13146 | D:10     | Reached *** piety under Okawaru
 13636 | D:10     | Reached XP level 11. HP: 103/124 MP: 11/11
 13741 | D:10     | Reached **** piety under Okawaru
 13751 | D:10     | Reached skill level 13 in Fighting
 14209 | D:10     | Reached ***** piety under Okawaru
 14662 | D:10     | Reached skill level 10 in Maces & Flails
 14665 | D:10     | Found a staircase to the Orcish Mines.
 15145 | D:10     | Reached skill level 14 in Fighting
 15302 | D:10     | Found a staircase to the Lair.
 15970 | D:10     | Received a gift from Okawaru
 17084 | D:11     | Noticed a two-headed ogre
 17092 | D:11     | Killed a two-headed ogre
 17092 | D:11     | Reached XP level 12. HP: 124/140 MP: 12/12
 17149 | D:11     | Noticed a five-headed hydra
 17161 | D:11     | Killed a five-headed hydra
 17854 | D:12     | Found a flagged portal.
 17868 | Bailey   | Entered a bailey
 17936 | Bailey   | Found an iron altar of Okawaru.
 17936 | Bailey   | Noticed an orc high priest
 17939 | Bailey   | Noticed a soul eater
 17980 | Bailey   | Killed from afar by an orc high priest

Vault maps used:
D:1:      lightli_arrival_maybe_door_vault, st_stairs_13
D:2:      dancing_weapons_uskayaw, first_ration
D:4:      serial_shops, shop, uniq_ijyb, uniq_pikel
D:5:      kennysheep_slugbush, minmay_temple_entry_enclosed_plants,
          serial_shops, shop, minmay_ruined_shrine
D:6:      kennysheep_little_box, uniq_grinder
D:7:      lemuel_crystal_altar, dk_vineyard_2
D:8:      kennysheep_mini, serial_shops, shop, grunt_livestock,
          grunt_decor_fettered, david_defended_altar_orc, uniq_psyche
D:9:      kennysheep_kobold_camp, nicolae_overflow_hidden_temple,
          gammafunk_temple_overflow_arena, uniq_harold
D:10:     erik_lair_dragon, minmay_orc_entry_guard_dogs
D:12:     hangedman_screamer, lab_entry_generic, enter_bailey_3
Temple:   regret_index_temple_sphere_string
Bailey:   bailey_axe_of_yendor_kennysheep, bailey

Skill      XL: |  1  2  3  4  5  6  7  8  9 10 11 12 |
---------------+-------------------------------------+-----
Maces & Flails | 2 3 4 5 6 7 9 10 11 | 11.0
Shields        | 3 4 5 6 |  6.1
Dodging        | 3 4 5 6 7 8 |  8.3
Fighting       | 5 6 7 9 11 12 14 | 14.9

Action                   |  1- 3 |  4- 6 |  7- 9 | 10-12 || total
-------------------------+-------+-------+-------+-------++-------
Melee: Flail             |   100 |    69 |     7 |   645 ||   821
       Morningstar       |       |   200 |    21 |       ||   221
       Whip              |       |       |   171 |       ||   171
       Mace              |       |       |   298 |       ||   298
       Giant spiked club |       |       |       |    94 ||    94
Evoke: Wand              |       |     1 |     9 |     9 ||    19
  Use: Scroll            |     1 |    10 |     9 |    13 ||    33
       Potion            |       |     8 |     1 |    14 ||    23
 Stab: Confused          |       |       |     2 |       ||     2
       Sleeping          |       |       |     1 |       ||     1
  Eat: Chunk             |     1 |    13 |     7 |    21 ||    42
       Ration            |       |       |     4 |     1 ||     5
Armor: Robe              |    27 |   160 |    56 |   147 ||   390
Dodge: Dodged            |    33 |   154 |   136 |   252 ||   575
Block: Shield            |    58 |   184 |   252 |       ||   494
       Large shield      |       |       |    27 |   797 ||   824
       Reflection        |       |       |     1 |    11 ||    12
       Other             |       |       |       |    30 ||    30

Table legend:
 A = Spawn XP
 B = Non-spawn XP
 C = Spawn XP percentage of total XP
 D = Spawn monster count
 E = Non-spawn monster count
 F = Spawn count percentage of total count
 G = Total turns spent on level
                    A         B        C        D         E        F      G
               +---------+---------+-------+---------+---------+-------+---------
         Total |       0 |   21660 |   0.0 |       0 |     361 |   0.0 | 17980
               +---------+---------+-------+---------+---------+-------+---------
           D:1 |       0 |     105 |   0.0 |       0 |      25 |   0.0 |  1689
           D:2 |       0 |     137 |   0.0 |       0 |      21 |   0.0 |  1179
           D:3 |       0 |      76 |   0.0 |       0 |      15 |   0.0 |  1051
           D:4 |       0 |    1389 |   0.0 |       0 |      31 |   0.0 |  2669
           D:5 |       0 |    1192 |   0.0 |       0 |      59 |   0.0 |  2167
           D:6 |       0 |    1288 |   0.0 |       0 |      21 |   0.0 |  1940
           D:7 |       0 |     744 |   0.0 |       0 |      20 |   0.0 |   819
           D:8 |       0 |    2751 |   0.0 |       0 |      41 |   0.0 |  1014
           D:9 |       0 |     183 |   0.0 |       0 |       4 |   0.0 |   435
          D:10 |       0 |    9335 |   0.0 |       0 |      76 |   0.0 |  3796
          D:11 |       0 |    3759 |   0.0 |       0 |      35 |   0.0 |   891
          D:12 |       0 |     118 |   0.0 |       0 |       6 |   0.0 |    50
        Bailey |       0 |     583 |   0.0 |       0 |       7 |   0.0 |   112
               +---------+---------+-------+---------+---------+-------+---------
